Map: Deathaura LE

Players

Dream - Winner!

  • Race: Terran Terran
  • Spawn Location: 5:00

ByuN

  • Race: Terran Terran
  • Spawn Location: 11:00

Event: IEM Katowice 2021

VOD

Have the link to the VOD?

Description

Time

  • Played on: Feb. 20, 2021, 9:22 a.m.
  • Length: 15:24

All games in this series

Show
View Real Time Build Order
Export as new Build Order

Dream Terran - Winner!

Build Orders: Gas First Reaper Expand 

Get SALT Encoding   

  12  0:00  SCV  
  13  0:12  SCV  
  14  0:16  Supply Depot  
  14  0:24  SCV  
  14  0:28  Refinery  
  15  0:38  SCV  
  15  0:42  Barracks  
  16  0:50  SCV  
  17  1:02  SCV  
  18  1:15  SCV  
  19  1:29  Orbital Command  
  19  1:30  Reaper  
  20  1:40  Command Center  
  20  1:50  Factory  
  20  1:54  SCV  
  20  2:01  Supply Depot  
  21  2:06  Reaper  
  21  2:07  SCV  
  23  2:13  Refinery  
  24  2:22  SCV  
  24  2:34  Hellion  
  24  2:35  SCV  
  27  2:38  Marine  
  27  2:40  Starport  
  28  2:47  SCV  
  29  2:53  Orbital Command  
  29  2:56  Widow Mine, Refinery  
  31  2:59  SCV, Marine  
  33  3:11  SCV  
  34  3:16  Starport Tech Lab  
  34  3:18  Factory Tech Lab  
  34  3:19  Barracks Reactor  
  34  3:22  SCV  
  34  3:23  SCV  
  36  3:34  SCV  
  37  3:35  SCV  
  35  3:44  Cyclone  
  35  3:46  SCV  
  35  3:47  SCV  
  39  3:50  Raven  
  39  3:54  Supply Depot  
  39  3:55  Marine x2  
  43  3:58  SCV  
  43  3:59  SCV  
  43  4:10  SCV  
  43  4:11  SCV  
  43  4:12  Supply Depot  
  43  4:13  Marine  
  43  4:15  Marine  
  47  4:20  Siege Tank  
  47  4:23  SCV x2  
  52  4:30  Marine  
  53  4:33  Marine  
  53  4:34  Raven  
  53  4:35  SCV x2  
  58  4:47  SCV  
  58  4:48  SCV  
  61  4:59  SCV  
  62  5:04  SCV  
  62  5:05  Supply Depot  
  62  5:07  Command Center  
  61  5:08  Siege Tank  
  61  5:13  SCV  
  62  5:16  SCV  
  63  5:23  Viking x2  
  63  5:24  Stimpack  
  63  5:25  SCV, Barracks  
  63  5:27  Refinery  
  68  5:29  SCV  
  68  5:34  Marine  
  70  5:37  SCV  
  70  5:40  Siege Tank  
  74  5:44  SCV  
  74  5:49  SCV  
  76  5:50  Barracks, Supply Depot  
  77  6:00  Viking  
  77  6:01  Supply Depot  
  78  6:04  SCV  
  78  6:08  SCV  
  77  6:12  Viking  
  77  6:16  Supply Depot  
  77  6:17  Marine  
  72  6:23  SCV  
  72  6:24  SCV  
  68  6:28  SCV  
  68  6:29  Marine  
  67  6:36  SCV x2  
  67  6:37  Siege Tank  
  68  6:42  Marine  
  68  6:45  SCV  
  70  6:50  SCV x2  
  69  6:57  SCV  
  69  6:59  Marine x2  
  71  7:02  SCV  
  71  7:03  Marine  
  71  7:15  SCV x2  
  66  7:20  Marine  
  66  7:21  SCV  
  66  7:27  SCV x2  
  66  7:28  Barracks Reactor  
  67  7:30  Barracks Reactor  
  67  7:35  Engineering Bay x2  
  68  7:38  Orbital Command  
  68  7:40  SCV  
  68  7:42  SCV  
  69  7:46  Combat Shield  
  69  7:50  Marine  
  70  7:53  SCV  
  70  7:54  SCV  
  72  8:01  Terran Infantry Weapons Level 1  
  72  8:04  SCV  
  72  8:05  SCV  
  74  8:06  SCV, Terran Infantry Armor Level 1  
  74  8:08  Marine x3  
  74  8:10  Marine x2  
  79  8:16  SCV  
  79  8:17  SCV  
  79  8:18  SCV  
  81  8:21  Medivac  
  81  8:23  Medivac  
  81  8:26  Marine  
  86  8:29  SCV x2  
  86  8:30  SCV  
  86  8:31  Marine x3  
  92  8:38  Supply Depot  
  92  8:40  Missile Turret  
  92  8:41  SCV x2  
  94  8:42  SCV  
  94  8:44  Marine x2  
  97  8:50  Siege Tank  
  97  8:52  Medivac  
  97  8:53  SCV x2  
  97  8:54  Marine x2  
  97  8:55  SCV  
  107  9:03  Missile Turret  
  107  9:05  SCV x2, Barracks, Supply Depot  
  107  9:07  SCV  
  107  9:08  Barracks  
  107  9:09  Marine x2  
  112  9:13  Marine x2  
  112  9:17  Viking  
  114  9:21  Supply Depot  
  114  9:23  Orbital Command  
  114  9:25  Marine  
  114  9:27  Marine x2  
  114  9:30  Marine  
  118  9:32  Marine  
  118  9:34  Siege Tank  
  121  9:43  Marine  
  121  9:44  Marine  
  121  9:45  Marine  
  124  9:48  Marine  
  124  9:50  Marine  
  127  9:54  Barracks Reactor  
  127  9:58  Sensor Tower  
  126  10:01  Marine  
  126  10:02  Marine x3  
  126  10:03  SCV x3  
  126  10:06  Marine  
  129  10:07  Marine  
  124  10:15  SCV  
  124  10:18  SCV x2  
  124  10:19  Marine  
  124  10:20  Marine x2  
  124  10:21  Marine  
  131  10:23  Medivac x2  
  131  10:24  Marine  
  131  10:25  Armory  
  136  10:33  Refinery  
  136  10:34  SCV x3  
  136  10:35  Refinery  
  138  10:44  Marine x3  
  138  10:47  Marine  
  138  10:49  Supply Depot  
  141  10:51  Marine x2  
  141  10:55  Siege Tank  
  145  11:01  Medivac x2  
  149  11:06  Barracks Reactor  
  149  11:09  Supply Depot  
  153  11:13  Terran Infantry Armor Level 2, Terran Infantry Weapons Level 2  
  153  11:14  Terran Vehicle Weapons Level 1  
  153  11:16  Barracks Reactor  
  149  11:19  Command Center  
  149  11:27  Marine x2  
  149  11:28  Marine x2  
  149  11:29  Siege Tank  
  149  11:32  Supply Depot  
  156  11:36  Factory  
  156  11:39  Supply Depot  
  154  11:47  Marine x5  
  154  11:49  Supply Depot  
  154  11:53  Marine  
  148  12:04  Marine x3  
  148  12:05  Marine  
  148  12:08  Siege Tank  
  154  12:11  Marine x2  
  154  12:12  Supply Depot  
  154  12:13  Marine x4  
  154  12:14  Supply Depot  
  160  12:22  Marine x4, Siege Tank  
  166  12:29  Marine x2, Missile Turret  
  166  12:31  Marine x2  
  166  12:32  Marine x2  
  166  12:39  Viking  
  166  12:40  Marine x4, Siege Tank  
  166  12:42  Viking  
  177  12:47  Marine  
  178  12:55  Siege Tank, Planetary Fortress  
  181  13:04  Marine x4  
  184  13:06  Marine  
  184  13:07  Marine x2  
  184  13:12  Siege Tank  
  190  13:17  Marine x3  
  193  13:22  Marine  
  194  13:27  Siege Tank  
  194  13:29  Liberator  
  200  13:51  Refinery  
  200  13:52  Command Center, Refinery  
  200  13:57  Sensor Tower  
  200  14:13  Missile Turret x2  
  194  14:27  Siege Tank x2  
  194  14:30  Marine x3  
  200  14:45  Missile Turret  
  200  14:46  Missile Turret  
  184  14:53  Marine x8  
  167  15:03  Marine x2  
Show
View Real Time Build Order
Export as new Build Order

ByuN Terran 

Build Orders:  

Get SALT Encoding   

  12  0:00  SCV  
  13  0:12  SCV  
  14  0:17  Supply Depot  
  14  0:24  SCV  
  15  0:39  Barracks  
  15  0:40  SCV  
  16  0:42  Refinery  
  16  0:52  SCV  
  16  0:54  Refinery  
  17  1:04  SCV  
  18  1:16  SCV  
  19  1:25  Barracks Reactor  
  19  1:28  Orbital Command  
  19  1:32  Supply Depot  
  19  1:40  Factory  
  19  1:54  SCV  
  20  2:02  Reaper  
  20  2:03  Reaper  
  20  2:06  SCV  
  23  2:18  SCV  
  24  2:25  Hellion  
  24  2:28  Command Center  
  26  2:34  Reaper  
  26  2:35  Reaper  
  29  2:40  Supply Depot  
  28  2:46  SCV, Hellion  
  31  2:55  Starport  
  31  3:01  SCV  
  32  3:08  Factory Tech Lab  
  32  3:09  Marine x2  
  34  3:13  SCV  
  35  3:27  Marine x2  
  35  3:33  Siege Tank  
  38  3:35  SCV  
  38  3:39  Medivac  
  41  3:44  Marine x2  
  41  3:46  Orbital Command  
  41  3:49  SCV  
  42  3:58  Refinery  
  42  4:01  SCV  
  43  4:05  Marine  
  44  4:12  Marine  
  44  4:13  SCV  
  44  4:14  SCV  
  44  4:15  Factory Tech Lab  
  47  4:18  Raven  
  47  4:22  Marine  
  47  4:24  Supply Depot  
  50  4:25  SCV  
  50  4:26  SCV  
  50  4:30  Marine  
  53  4:37  SCV  
  54  4:43  SCV  
  54  4:45  Marine  
  55  4:48  Marine  
  55  4:49  SCV  
  54  4:54  Siege Tank  
  54  4:55  SCV  
  58  5:01  SCV  
  58  5:03  Raven, Marine  
  62  5:11  SCV, Marine  
  62  5:14  SCV  
  58  5:23  SCV  
  58  5:24  Command Center  
  58  5:28  Barracks  
  60  5:29  Supply Depot  
  60  5:33  Siege Tank  
  62  5:44  Engineering Bay  
  62  5:45  Engineering Bay  
  62  5:51  SCV x2, Barracks  
  62  5:53  Starport Reactor, Supply Depot  
  64  5:59  Stimpack, Marine  
  64  6:03  SCV x2  
  67  6:05  Refinery  
  67  6:09  Siege Tank  
  70  6:15  SCV x2  
  70  6:17  Marine  
  73  6:27  SCV x2, Marine  
  69  6:35  Marine  
  69  6:38  Viking  
  69  6:39  SCV x2, Marine  
  73  6:43  Siege Tank  
  73  6:45  Marine  
  73  6:50  SCV  
  73  6:51  SCV x2  
  73  6:53  Marine  
  73  6:54  Marine  
  69  7:03  SCV x2, Marine  
  71  7:11  Marine  
  63  7:16  SCV  
  60  7:25  Terran Infantry Weapons Level 1, Terran Infantry Armor Level 1  
  60  7:28  SCV  
  60  7:29  Marine  
  61  7:35  Siege Tank  
  63  7:40  SCV  
  63  7:42  Combat Shield  
  64  7:47  Starport Reactor, Marine  
  64  7:50  Orbital Command  
  65  7:52  SCV  
  66  7:59  Marine  
  66  8:01  Marine  
  66  8:04  SCV, Marine  
  70  8:08  Command Center  
  70  8:11  Siege Tank  
  73  8:23  SCV x2  
  73  8:27  Marine x3  
  74  8:30  Supply Depot  
  74  8:31  Medivac x2  
  81  8:35  Supply Depot x2  
  81  8:36  SCV  
  81  8:37  SCV  
  83  8:48  Marine x3  
  86  8:54  Siege Tank  
  89  8:58  SCV x2, Barracks  
  91  9:05  Marine x2  
  91  9:06  Marine  
  92  9:11  SCV x2  
  94  9:18  Starport Reactor  
  94  9:23  SCV x2, Marine x3, Orbital Command  
  99  9:24  Armory  
  99  9:27  Siege Tank  
  102  9:35  SCV x2  
  104  9:43  Marine x3  
  107  9:47  SCV  
  107  9:48  SCV  
  107  9:50  Barracks  
  107  9:51  SCV, Barracks  
  108  9:59  Marine x2  
  110  10:00  SCV x2  
  110  10:01  Marine  
  110  10:03  SCV, Siege Tank  
  104  10:12  SCV x2  
  100  10:15  SCV  
  94  10:24  SCV x2  
  94  10:27  SCV  
  97  10:30  Marine x2  
  98  10:36  SCV x2  
  98  10:39  SCV  
  98  10:45  Missile Turret  
  98  10:47  Terran Infantry Armor Level 2  
  98  10:48  SCV x2  
  98  10:49  Terran Infantry Weapons Level 2  
  100  10:51  SCV  
  101  10:57  Marine  
  101  10:58  Marine  
  101  11:00  SCV x2  
  101  11:04  Medivac x2, Marine x3  
  107  11:09  SCV  
  113  11:12  SCV x2  
  113  11:15  Marine x2  
  117  11:18  Refinery  
  117  11:22  Marine x3  
  120  11:27  Siege Tank  
  120  11:32  Supply Depot  
  123  11:33  Supply Depot, Marine x2  
  125  11:40  Terran Vehicle Weapons Level 1  
  125  11:49  Supply Depot  
  125  11:53  SCV x3, Marine x5  
  128  12:05  SCV x3, Viking x2  
  128  12:08  Siege Tank  
  137  12:11  Marine x4  
  141  12:17  SCV x3  
  144  12:28  Sensor Tower  
  144  12:29  SCV x3, Supply Depot  
  145  12:32  Marine x3  
  145  12:33  Marine  
  145  12:35  Barracks Reactor  
  149  12:38  Missile Turret  
  149  12:50  Marine  
  148  13:03  Marine x4  
  148  13:04  Siege Tank  
  156  13:08  Barracks Reactor  
  155  13:13  Marine x2  
  155  13:16  Command Center  
  157  13:23  Marine x3  
  157  13:25  Supply Depot  
  157  13:26  Supply Depot  
  157  13:29  Supply Depot  
  157  13:30  Supply Depot  
  157  13:36  Factory  
  157  13:41  Supply Depot  
  157  13:47  SCV x2, Marine x6  
  157  13:48  Marine x2, Siege Tank  
  170  13:51  Medivac x2  
  174  13:58  SCV  
  174  13:59  SCV x2  
  174  14:01  Barracks, Barracks Reactor  
  174  14:02  Barracks x2  
  177  14:04  Marine x2  
  177  14:05  Marine x4  
  177  14:06  Marine x2  
  184  14:20  Siege Tank  
  184  14:22  SCV x2, Marine x5  
  184  14:23  SCV, Marine  
  184  14:24  Marine x2  
  191  14:44  Planetary Fortress  
  182  14:50  Marine  
  182  14:51  Marine x5  
  173  14:53  Marine  
  173  14:54  Marine x3  

Tags
 
Add a new tag
Caveats
  • Supply blocks, unpowered buildings, or Contaminate may cause inaccurate times.
  • Supply counts are checked every 10 seconds.